 Dungeon Crawl Stone Soup version 0.27-a0-998-g4cfe56dd59 (webtiles) character file.

Game seed: 5197739680657843748

115 siradein the Firebug (level 4, -1/30 HPs)
             Began as a Demonspawn Fire Elementalist on Apr 17, 2021.
             Slain by an orc
             ... wielding a +0 club
              (5 damage)
             ... on level 3 of the Dungeon.
             The game lasted 00:05:44 (2443 turns).

siradein the Firebug (Demonspawn Fire Elementalist) Turns: 2443, Time: 00:05:45

Health: -1/30      AC:  5    Str:  9    XL:     4   Next: 68%
Magic:  0/8        EV: 12    Int: 17    God:
Gold:   101        SH:  0    Dex: 13    Spells: 5/9 levels left

rFire    . . .     SeeInvis .   h - +3 quarterstaff (chaos)
rCold    . . .     Faith    .   (shield currently unavailable)
rNeg     . . .     Spirit   .   a - +0 robe
rPois    .         Reflect  .   (no helmet)
rElec    .         Harm     .   g - +0 cloak
rCorr    .         Rampage  .   (no gloves)
Will     .....                  b - +0 pair of boots
Stlth    ++........             (no amulet)
HPRegen  0.10/turn              (no ring)
MPRegen  0.11/turn              (no ring)

@: no status effects
A: demonic guardian 1, sharp scales 1
a: no special abilities


You were on level 3 of the Dungeon.
You visited 1 branch of the dungeon, and saw 3 of its levels.

You collected 101 gold pieces.

Inventory:

Hand Weapons
 h - a +3 quarterstaff of chaos (weapon)
Armour
 a - a +0 robe (worn)
 b - a +0 pair of boots (worn)
 e - a +2 ring mail of positive energy
 g - a +0 cloak (worn)
Scrolls
 d - 3 scrolls of identify {unknown}
 f - a scroll of enchant armour {unknown}


   Skills:
 - Level 1.7 Dodging
 - Level 1.7 Stealth
 + Level 3.1 Spellcasting
 + Level 2.6 Conjurations
 + Level 3.6 Fire Magic


You had 5 spell levels left.
You knew the following spells:

 Your Spells              Type           Power      Damage    Failure   Level
a - Foxfire               Conj/Fire      52%        2x1d6     4%          1
b - Conjure Flame         Conj/Fire      13%        6-21      14%         3

Your spell library contained the following spells:

 Spells                   Type           Power      Damage    Failure   Level
 Inner Flame              Hex/Fire       8%         N/A       26%         3
 Sticky Flame             Conj/Fire      13%        2d4       43%         4
 Confusing Touch          Hex            2%         N/A       45%         3
 Gell's Gravitas          Tloc           1%         N/A       45%         3
 Fireball                 Conj/Fire      6%         3d5       80%         5
 Petrify                  Tmut/Erth      2%         N/A       86%         4
 Metabolic Englaciation   Hex/Ice        1%         N/A       99%         5
 Yara's Violent Unravell  Hex/Tmut       1%         3d3       99%         5


Dungeon Overview and Level Annotations

Branches:
Dungeon (3/15)

Altars:


Innate Abilities, Weirdness & Mutations

A weak demonic guardian rushes to your aid.
You are partially covered in razor-sharp scales. (AC +1, Slay +1)


Message History

Your magical contamination has completely faded away.
You hit the orc wizard.
You kill the orc wizard!
The orc hits you with a +0 club.
A frilled lizard comes into view.
You hit the orc.
The orc goes berserk!
The orc is heavily wounded.
The orc hits you with a +0 club. The orc barely misses you.
Casting: Foxfire (safe; 4% risk of failure)
Press: ? - help, Q - select action Dir - look around, f - activate You miscast Foxfire.
You are very lightly contaminated with residual magic.
Nothing appears to happen.
The orc hits you with a +0 club.
* * * LOW HITPOINT WARNING * * *
The orc hits you with a +0 club.
* * * LOW HITPOINT WARNING * * *
A demonic guardian appears!
The orc hits your shadow imp but does no damage.
Your shadow imp hits the orc but does no damage.
The orc hits your shadow imp with a +0 club!
The orc hits your shadow imp but does no damage.
Your shadow imp hits the orc.
The orc hits your shadow imp with a +0 club.
Your shadow imp dies!
The orc rages.
Casting: Foxfire (safe; 4% risk of failure)
Press: ? - help, Q - select action Dir - look around, f - activate You conjure some foxfire!
The orc barely misses you.
Your magical contamination has completely faded away.
The foxfire hits the orc but does no damage.
The orc is severely wounded.
The foxfire hits the orc but does no damage.
The orc is severely wounded.
Casting: Foxfire (safe; 4% risk of failure)
Press: ? - help, Q - select action Dir - look around, f - activate You conjure some foxfire!
The orc closely misses you. The orc hits you with a +0 club.
You die...

########
#......############
#........).........
#..######.#########
#..# #.# # #v@# #.#
# #vo# #.. ####
#.b# #.. .... #.w#
#... ..## #b.# ....
... # ##..####w...
.. # #...†.bbg... .
# #.#)####{... #
#.#.# . #


You could see a dart slug, an orc (berserk, ally target) and 2 bats.

Vanquished Creatures
  Crazy Yiuf (D:2)
  An orc wizard (D:3)
  An adder (D:2)
  An orc (D:3)
  2 ball pythons (D:1)
  4 bats
  An endoplasm (D:1)
  4 giant cockroaches
  5 goblins
  6 hobgoblins
  5 jackals (D:1)
  4 kobolds
  A quokka (D:1)
  5 frilled lizards
  4 rats
45 creatures vanquished.

Vanquished Creatures (others)
  110 foxfires
  A fungus (D:1)
111 creatures vanquished.

Grand Total: 156 creatures vanquished

Notes
Turn   | Place    | Note
-------+----------+-------------------------------------------
     0 | D:1      | siradein the Demonspawn Fire Elementalist began the quest
                  | for the Orb.
     0 | D:1      | Reached XP level 1. HP: 13/13 MP: 3/3
   262 | D:1      | Found a faded altar of an unknown god.
   286 | D:1      | Gained mutation: You are partially covered in razor-sharp
                  | scales. (AC +1, Slay +1) [demonic ancestry]
   286 | D:1      | Reached XP level 2. HP: 19/19 MP: 0/5
   956 | D:1      | Reached XP level 3. HP: 14/24 MP: 1/6
  1410 | D:2      | Learned a level 3 spell: Conjure Flame
  1750 | D:2      | Found a runed translucent door.
  1751 | D:2      | Noticed Crazy Yiuf
  2220 | D:2      | Killed Crazy Yiuf
  2221 | D:2      | Gained mutation: A weak demonic guardian rushes to your
                  | aid. [demonic ancestry]
  2221 | D:2      | Reached XP level 4. HP: 30/30 MP: 4/8
  2443 | D:3      | Slain by an orc

Illustrated notes

Levels and vault maps discovered:
D:1:      psy_arrival_statuary, layout_loops_ring, shapermc_ecumenical_altar_gd,
          minmay_pentomino_q2
D:2:      layout_loops_ring, uniq_crazy_yiuf_cottage
D:3:      layout_loops_ring, gammafunk_temple_overflow_statue, minmay_pentangle

Skill      XL: |  1  2  3  4 |
---------------+-------------+-----
Fire Magic     | 3 |  3.6
Conjurations   | 2 |  2.6
Spellcasting   | 3 |  3.1
Dodging        | |  1.7
Stealth        | |  1.7

Action                   |  1- 3 |  4- 6 || total
-------------------------+-------+-------++-------
Melee: Spear             |     3 |       ||     3
       Quarterstaff      |       |     7 ||     7
 Cast: Foxfire           |    56 |    15 ||    71
Armor: Robe              |     9 |     1 ||    10
Dodge: Dodged            |    19 |     5 ||    24

Table legend: (Time is in decaauts)
 A = Elapsed time spent in this place.
 B = Non-inter-level travel time spent in this place.
 C = Inter-level travel time spent in this place.
 D = Time resting spent in this place.
 E = Time spent auto-exploring this place.
 F = Levels seen in this place.
 G = Mean time per level.
                   A        B        C        D        E       F      G
               +--------+--------+--------+--------+--------+-----+--------+
         Total |   2443 |   2365 |     78 |      0 |   1973 |   3 |  814.3 |
       Dungeon |   2443 |   2365 |     78 |      0 |   1973 |   3 |  814.3 |
               +--------+--------+--------+--------+--------+-----+--------+

Top non-repeatable levels by time:
     D:1: 1314 daAuts
     D:2: 979 daAuts
     D:3: 149 daAuts
